 Dungeon Crawl Stone Soup version 0.25.1-9-gc5326a611f (webtiles) character file.

Game seed: 5531315028722960076

78212 zeroc00l the Grappler (level 15, -26/145 HPs)
             Began as a Troll Transmuter on Dec 27, 2020.
             Was the Champion of Wu Jian.
             Killed from afar by a wizard (65 damage)
             ... with a crystal spear
             ... on level 14 of the Dungeon.
             The game lasted 02:56:44 (26826 turns).

zeroc00l the Grappler (Troll Transmuter)           Turns: 26826, Time: 02:56:45

Health: -26/145    AC: 21    Str: 20    XL:     15   Next: 17%
Magic:  20/20      EV: 13    Int: 15    God:    Wu Jian [******]
Gold:   726        SH:  0    Dex: 11    Spells: 1/22 levels left

rFire    . . .     SeeInvis .     - Unarmed
rCold    . . .     Gourm    +   (no shield)
rNeg     . . .     Faith    .   q - +2 acid dragon scales
rPois    .         Spirit   .   (helmet restricted)
rElec    .         Reflect  .   (no cloak)
rCorr    +         Harm     .   (gloves unavailable)
MR       +....                  (boots unavailable)
Stlth    +.........             r - amulet of the acrobat
HPRegen  0.74/turn              a - ring of Robustness {AC+8}
MPRegen  0.17/turn              E - +4 ring of slaying

@: slowed, very slow
A: large, unfitting armour, claws 3, clever 1, fast metabolism 3, gourmand,
sense surroundings 1, regeneration 1, shaggy fur 1, tough skin 3, weak 1,
subdued magic 1
a: Wall Jump, Serpent's Lash, Heavenly Storm, Renounce Religion


You were on level 14 of the Dungeon.
You worshipped Wu Jian.
Wu Jian was exalted by your worship.
You were completely stuffed.

You visited 4 branches of the dungeon, and saw 23 of its levels.
You also visited: Sewer and Ice Cave.

You collected 3282 gold pieces.
You spent 2556 gold pieces at shops.

Inventory:

Hand Weapons
 b - the +10 hunting sling of Eternal Vigilance {venom, Str+3}
   (You found it on level 5 of the Lair of Beasts)

   It poisons the ammo it fires.
   It affects your strength (+3).
 c - the +2 whip of the Devouring Blowfly {elec, rElec rF+ Dex+4}
   (You took it off an orc on level 4 of the Dungeon)

   Occasionally, upon striking a foe, it will discharge some electrical energy
   and cause terrible harm.
   It affects your dexterity (+4).
   It protects you from fire.
   It insulates you from electricity.
Missiles
 m - 4 silver javelins (quivered)
 K - 99 sling bullets
 L - 623 stones
 P - 3 curare-tipped darts
Armour
 q - +2 acid dragon scales (worn)
Jewellery
 a - the ring of Robustness (left claw) {AC+8}
   (You bought it in a shop on level 2 of the Orcish Mines)

   [ring of protection]

   It affects your AC (+8).
 r - an amulet of the acrobat (around neck)
 x - the ring of Suzigats {rF+ rC+ Dex+2 Stlth+}
   (You found it in an ice cave)

   [ring of protection from fire]

   It affects your dexterity (+2).
   It protects you from fire.
   It protects you from cold.
   It makes you more stealthy.
 A - a +6 ring of intelligence
 E - a +4 ring of slaying (right claw)
 I - an uncursed ring of protection from magic
 T - an uncursed ring of poison resistance
Wands
 y - a wand of acid (11)
 B - a wand of flame (31)
 D - a wand of polymorph (9)
 O - a wand of digging (8)
 R - a wand of iceblast (18)
Scrolls
 e - 8 scrolls of identify
 k - 10 scrolls of remove curse
 l - 6 scrolls of blinking
 n - a scroll of enchant weapon
 o - 2 scrolls of brand weapon
 p - 3 scrolls of fog
 z - 2 scrolls of fear
 J - 5 scrolls of teleportation
Potions
 f - 5 potions of heal wounds
 g - a potion of brilliance
 h - 2 potions of cancellation
 j - 8 potions of curing
 s - a potion of berserk rage
 u - 7 potions of haste
 C - a potion of invisibility
 G - 2 potions of lignification
 N - 4 potions of might
Comestibles
 d - 49 rations
 i - 13 chunks of flesh


   Skills:
 + Level 8.6 Fighting
 * Level 3.1 Slings
 - Level 4.0 Armour
 + Level 9.1 Dodging
 - Level 14.0 Unarmed Combat
 - Level 4.0 Spellcasting
 * Level 5.7 Summonings
 - Level 3.0 Translocations
 - Level 9.1 Transmutations
 - Level 5.0 Ice Magic
 - Level 3.2 Poison Magic


You had one spell level left.
You knew the following spells:

 Your Spells              Type           Power        Failure   Level  Hunger
a - Beastly Appendage     Tmut           ###...       1%          1    None
b - Sticks to Snakes      Tmut           ###.....     1%          2    ##.....
c - Spider Form           Tmut/Pois      ###.......   4%          3    ###....
d - Blade Hands           Tmut           ###.......   13%         5    ######.
e - Ice Form              Ice/Tmut       ###.....     10%         4    ####...
f - Summon Ice Beast      Ice/Summ       ##......     22%         4    ####...
g - Blink                 Tloc           N/A          8%          2    ##.....

Your spell library contained the following spells:

 Spells                   Type           Power        Failure   Level  Hunger
 Summon Small Mammal      Summ           ###.         1%          1    None
 Apportation              Tloc           #.....       5%          1    None
 Animate Skeleton         Necr           N/A          19%         1    None
 Corona                   Hex            #......      19%         1    None
 Magic Dart               Conj           #...         19%         1    None
 Call Imp                 Summ           ###.....     2%          2    ##.....
 Call Canine Familiar     Summ           ###.....     5%          3    ###....
 Ignite Poison            Fire/Tmut/Pois ##......     11%         3    ###....
 Shroud of Golubria       Chrm/Tloc      #.....       16%         2    ##.....
 Gell's Gravitas          Tloc           #.........   17%         3    ###....
 Lesser Beckoning         Tloc           #.........   17%         3    ###....
 Teleport Other           Tloc           #.......     17%         3    ###....
 Summon Guardian Golem    Hex/Summ       #.......     19%         3    ###....
 Corpse Rot               Necr/Air       N/A          30%         2    ##.....
 Searing Ray              Conj           #.....       30%         2    ##.....
 Passage of Golubria      Tloc           N/A          50%         4    ####...
 Dazzling Flash           Conj/Hex       #.....       52%         3    ###....
 Stone Arrow              Conj/Erth      #.....       52%         3    ###....
 Summon Lightning Spire   Summ/Air       #.......     52%         4    ####...
 Hydra Form               Tmut           ###.......   58%         6    #######
 Summon Forest            Summ/Tloc      ##........   67%         5    ######.
 Iskenderun's Mystic Bla  Conj/Tloc      #.......     73%         4    ####...
 Fulminant Prism          Conj/Hex       #.........   90%         4    ####...
 Metabolic Englaciation   Hex/Ice        #.........   90%         5    ######.
 Eringya's Noxious Bog    Tmut/Pois      ###.......   94%         6    #######
 Fireball                 Conj/Fire      #.........   99%         5    ######.
 Ozocubu's Refrigeration  Ice            ##........   99%         6    #######
 Freezing Cloud           Conj/Ice/Air   #.........   100%        6    #######
 Simulacrum               Ice/Necr       #.........   100%        6    #######
 Starburst                Conj/Fire      #.........   100%        6    #######
 Orb of Destruction       Conj           #.........   100%        7    #######
 Ring of Flames           Chrm/Fire      #.........   100%        7    #######
 Summon Hydra             Summ           ###.......   100%        7    #######
 Ignition                 Fire           #.........   100%        8    #######


Dungeon Overview and Level Annotations

Branches:
Dungeon (14/15)            Temple (1/1) D:6            Lair (6/6) D:11
 Shoals (0/4) Lair:4       Spider (0/4) Lair:2        Slime (0/5) Lair:6
    Orc (2/2) D:11            Elf (0/3) Orc:2         Sewer (visited)
  IceCv (visited)
 Vaults: D:13-14

Altars:
Ashenzari
Cheibriados
Dithmenos
Elyvilon
Fedhas
Gozag
Hepliaklqana
Kikubaaqudgha
Makhleb
Nemelex Xobeh
Okawaru
Qazlal
Ru
Sif Muna
Trog
Uskayaw
Vehumet
Wu Jian
Xom
Yredelemnul
Zin
The Shining One

Shops:
D:7 *   D:9 !   D:11 ?!*!=   Orc:2 =}=*

Portals:
Hell: Lair:6

Annotations:
D:13 2 transporters, Amnady Bynu's ghost, journeyman SpWr


Innate Abilities, Weirdness & Mutations

You are too large for most types of armour.
You have claws for hands.
Your metabolism is lightning-fast.
You like to eat raw meat.
Your natural rate of healing is unusually fast.
You are covered in fur. (AC +1)
You have extremely tough skin. (AC +3)
Your mind is acute. (Int +2)
You passively map a small area around you.
You are weak. (Str -2)
Your spells are a little easier to cast, but a little less powerful.


Message History

The wizard is heavily wounded.
You spin and attack the human.
You mangle the human!! You claw the human!
You kill the human!
The Council accepts your kill. The wizard hits you but does no damage.
The wizard simulacrum hits you. The wizard simulacrum freezes you!
The wizard hits you but does no damage. The wizard simulacrum hits you.
The wizard simulacrum freezes you!
Found a ration.
Items here: $ ) [ †† the +4 hand axe "Tural" {vamp, Dex+2}; a +0 robe; 11 gold pieces a human corpse x2
You barely miss the wizard.
The wizard is heavily wounded.
The wizard gestures at you while chanting.
The crystal spear hits you!!!
* * * LOW HITPOINT WARNING * * *
The human misses you.
The wizard points at you and mumbles some strange words.
The crystal spear hits you!!!
You die...

# #### ### * .#.#### ..
, ....#.## #.######* *
.......# ##(#(...%
....†..# #.('..... ,
...#...# ###(p'(.⌠..
...#..### #.(@pZp.((. ,
, ........#
##.##p#...(.*
..#.#...#####)..#.# ''#
' * #####...>.##......#
,. ,
÷.........#÷....#.#, ,
.#..............#.# ,
.##...........###.# ,
.............÷#...# , ,
,
..................######


You could see a necromancer, a wizard (fast, soul bound), 2 humans and a wizard
simulacrum.

Vanquished Creatures
  Kirke (Lair:6)
  6 slime creatures
  Erolcha (D:12)
  2 ice dragons (IceCv)
  4 hydras
  Harold (D:7)
  A centaur warrior (D:13)
  A two-headed ogre (D:6)
  A tengu warrior (D:14)
  6 hell knights (D:10)
  A sun demon (Lair:6)
  An unseen horror (D:11)
  2 wizards
  The ghost of JacktheKnight the Basher, a novice HOFi of Okawaru (D:6)
  3 necromancers
  A deep elf mage (D:14)
  3 oklob plants (Lair:5)
  3 orc knights (Orc:2)
  A manticore (D:11)
  A cyclops (D:11)
  A black mamba (Lair:3)
  A centaur zombie (D:11)
  8 elephants
  Joseph (D:8)
  2 gargoyles (D:10)
  Psyche (D:8)
  3 orange demons (Lair:6)
  2 ice statues (IceCv)
  11 spiny frogs
  2 centaur skeletons (D:14)
  A kobold demonologist (D:14)
  7 rime drakes
  Maggie (D:7)
  12 komodo dragons
  A nameless horror (IceCv)
  2 ice devils (Lair:6)
  A hellwing (Lair:6)
  A tengu conjurer (D:14)
  6 trolls
  A harpy zombie (D:14)
  A red devil (Lair:6)
  A polar bear (Lair:6)
  Prince Ribbit (Lair:1)
  23 blink frogs
  A hornet (D:8)
  A meliai zombie (D:13)
  8 hippogriffs
  10 dream sheep
  2 wraiths
  47 yaks
  2 vampires
  8 wyverns
  Eustachio (D:6)
  15 humans
  7 hogs
  2 basilisks
  4 hungry ghosts
  A warg (Orc:1)
  An acid dragon (D:12)
  11 hell hounds
  15 water moccasins
  4 porcupines
  A black bear (D:8)
  36 orc warriors
  A hornet zombie (D:6)
  17 ice beasts
  A sky beast (D:10)
  An eye of draining (D:10)
  5 phantoms
  12 centaurs
  9 ogres
  23 wolves
  7 crocodiles
  5 big kobolds
  20 bullfrogs
  3 scorpions
  12 killer bees
  5 wights (D:11)
  A howler monkey (D:14)
  An electric eel (D:11)
  8 crimson imps
  A wyvern simulacrum (D:14)
  A bullfrog zombie (D:8)
  4 hounds
  10 orc priests
  2 bullfrog skeletons
  4 jellies
  7 iguanas
  17 orc wizards
  7 worker ants
  A killer bee zombie (D:8)
  3 hound zombies
  2 hound skeletons
  3 gnolls (D:4)
  12 adders
  2 river rats (Sewer)
  3 shadow imps
  3 oozes
  2 adder zombies
  9 worms
  2 dart slugs
  3 leopard geckos
  97 orcs
  5 bats
  5 giant cockroaches
  5 goblins
  9 hobgoblins
  8 jackals
  4 quokkas
  4 ball pythons
  A ball python skeleton (D:4)
  4 frilled lizards
  35 kobolds
  A leopard gecko skeleton (D:7)
  2 quokka skeletons
  8 rats
726 creatures vanquished.

Vanquished Creatures (collateral kills)
  A wolf (Lair:5)
1 creature vanquished.

Vanquished Creatures (others)
  A wizard (D:14)
  A rime drake (Lair:6)
  A phantom (D:13)
  2 killer bees (D:3)
  An orc wizard (D:4)
  An orc (Orc:1)
  2 fungi (Lair:6)
  13 plants
22 creatures vanquished.

Grand Total: 749 creatures vanquished

Notes
Turn   | Place    | Note
-------+----------+-------------------------------------------
     0 | D:1      | zeroc00l the Troll Transmuter began the quest for the Orb.
     0 | D:1      | Reached XP level 1. HP: 18/18 MP: 1/1
   177 | D:1      | Reached XP level 2. HP: 26/26 MP: 2/2
   181 | D:1      | Learned a level 2 spell: Sticks to Snakes
   187 | D:1      | Reached skill level 1 in Fighting
   375 | D:1      | Found a glowing golden altar of the Shining One.
   555 | D:1      | Reached XP level 3. HP: 33/33 MP: 2/4
   578 | D:2      | Noticed a bullfrog
   584 | D:2      | Killed a bullfrog
   584 | D:2      | Reached XP level 4. HP: 34/41 MP: 5/5
   746 | D:2      | Learned a level 3 spell: Spider Form
  1037 | D:2      | Found a shimmering blue altar of Sif Muna.
  1298 | D:2      | Reached XP level 5. HP: 48/48 MP: 6/6
  1305 | D:2      | Found a bloodstained altar of Trog.
  1773 | D:3      | Found an ancient bone altar of Kikubaaqudgha.
  1874 | D:3      | Found a radiant altar of Vehumet.
  2271 | D:4      | Reached XP level 6. HP: 57/57 MP: 5/7
  2639 | D:4      | Identified the +2 whip of the Devouring Blowfly {elec,
                  | rElec rF+ Dex+4}
  2647 | D:4      | Reached skill level 4 in Unarmed Combat
  2750 | D:4      | Reached skill level 1 in Poison Magic
  3308 | D:5      | Entered Level 5 of the Dungeon
  3332 | D:5      | Reached XP level 7. HP: 66/66 MP: 9/9
  3391 | D:5      | Found an iron altar of Okawaru.
  3499 | D:5      | Found a glowing drain.
  3536 | Sewer    | Entered a sewer
  3670 | Sewer    | Found a white marble altar of Elyvilon.
  3983 | D:6      | Noticed Eustachio
  3991 | D:6      | Killed Eustachio
  3991 | D:6      | Reached skill level 5 in Unarmed Combat
  3991 | D:6      | Reached XP level 8. HP: 74/75 MP: 6/10
  4189 | D:6      | Found a staircase to the Ecumenical Temple.
  4204 | Temple   | Entered the Ecumenical Temple
  4339 | Temple   | Became a worshipper of the Wu Jian Council
  4407 | D:6      | Noticed JacktheKnight's ghost (novice HOFi)
  4408 | D:6      | Found a transporter.
  4408 | D:6      | Identified the +5 dire flail of Devotion {drain, +Fly rN+
                  | Int+3}
  4408 | D:6      | Identified the cursed +3 dire flail of Beoprux {flame,
                  | rElec Int+3}
  4408 | D:6      | Noticed a two-headed ogre
  4618 | D:6      | Found a shimmering altar of Xom.
  5326 | D:3      | Found a stormy altar of Qazlal.
  5841 | D:7      | Found Gozag's Platinum Reserve.
  5844 | D:7      | Found an opulent altar of Gozag.
  6056 | D:7      | Noticed Harold
  6164 | D:7      | Killed Harold
  6164 | D:7      | Reached skill level 6 in Unarmed Combat
  6164 | D:7      | Reached XP level 9. HP: 27/85 MP: 10/12
  6178 | D:6      | Learned a level 5 spell: Blade Hands
  6289 | D:6      | Gained mutation: You are weak. (Str -2) [potion of
                  | mutation]
  6289 | D:6      | Gained mutation: Your spells are a little easier to cast,
                  | but a little less powerful. [potion of mutation]
  6289 | D:6      | Gained mutation: You passively map a small area around you.
                  | [potion of mutation]
  6289 | D:6      | Gained mutation: Your mind is acute. (Int +2) [potion of
                  | mutation]
  6373 | D:7      | Noticed Maggie
  6387 | D:7      | Killed Maggie
  6387 | D:7      | Reached skill level 5 in Dodging
  7307 | D:7      | Found a sacrificial altar of Ru.
  7446 | D:7      | Reached skill level 5 in Fighting
  7451 | D:7      | Reached * piety under Wu Jian
  7462 | D:7      | Reached skill level 7 in Unarmed Combat
  8010 | D:8      | Reached XP level 10. HP: 90/96 MP: 11/13
  8021 | D:8      | Reached skill level 5 in Transmutations
  8031 | D:8      | Learned a level 4 spell: Ice Form
  8295 | D:8      | Reached ** piety under Wu Jian
  8296 | D:8      | Noticed Joseph
  8308 | D:8      | Killed Joseph
  8388 | D:8      | Noticed Psyche
  8410 | D:8      | Killed Psyche
  8809 | D:9      | Found a burning altar of Makhleb.
  8904 | D:9      | Found a radiant altar of Vehumet.
  8938 | D:9      | Found Jukebbell's Distillery.
  8941 | D:9      | Bought a potion of heal wounds for 70 gold pieces
  8941 | D:9      | Bought a potion of resistance for 140 gold pieces
  9174 | D:9      | Reached skill level 8 in Unarmed Combat
  9286 | D:9      | Found a basalt altar of Yredelemnul.
  9286 | D:9      | Found a shadowy altar of Dithmenos.
  9520 | D:9      | Reached skill level 9 in Unarmed Combat
  9811 | D:9      | Found a blossoming altar of Fedhas.
 10115 | D:10     | Entered Level 10 of the Dungeon
 10133 | D:9      | Reached XP level 11. HP: 105/105 MP: 14/14
 10152 | D:9      | Reached *** piety under Wu Jian
 10492 | D:10     | Reached skill level 10 in Unarmed Combat
 11027 | D:10     | Noticed a hell knight
 11035 | D:10     | Killed a hell knight
 11037 | D:10     | Noticed a hell knight
 11037 | D:10     | Noticed a hell knight
 11044 | D:10     | Noticed a necromancer
 11045 | D:10     | Noticed a hell knight
 11179 | D:10     | Noticed a hell knight
 11194 | D:10     | Noticed a necromancer
 11194 | D:10     | Noticed a hell knight
 11199 | D:10     | Killed a hell knight
 11360 | D:10     | Killed a necromancer
 11451 | D:10     | Killed a hell knight
 11451 | D:10     | Reached skill level 11 in Unarmed Combat
 11566 | D:10     | Killed a hell knight
 11683 | D:10     | Killed a hell knight
 11846 | D:10     | Killed a necromancer
 11967 | D:10     | Killed a hell knight
 12017 | D:10     | Noticed a hell knight
 12294 | D:11     | Found Soeram's Distillery.
 12300 | D:11     | Found Waon Odo's Assorted Antiques.
 12311 | D:11     | Bought a scroll labeled PAAFUA FIRIA for 29 gold pieces
 12311 | D:11     | Bought a scroll labeled YWE ETHUBEDI for 29 gold pieces
 12311 | D:11     | Bought a short glass wand for 116 gold pieces
 12337 | D:11     | Killed an unseen horror
 12344 | D:11     | Reached XP level 12. HP: 107/114 MP: 15/15
 12372 | D:11     | Found Foetoesk's Jewellery Boutique.
 12434 | D:11     | Found a staircase to the Orcish Mines.
 12460 | D:11     | Found Yheucic's Distillery.
 12515 | D:11     | Reached skill level 12 in Unarmed Combat
 12546 | D:11     | Reached skill level 1 in Armour
 12547 | D:11     | Found a stormy altar of Qazlal.
 12551 | D:11     | Reached **** piety under Wu Jian
 12713 | D:11     | Found Jamm's Magic Scroll Boutique.
 12718 | D:11     | Bought a scroll of random uselessness for 14 gold pieces
 12821 | D:11     | Found a staircase to the Lair.
 13301 | Lair:1   | Entered Level 1 of the Lair of Beasts
 13453 | Lair:1   | Noticed Prince Ribbit
 13467 | Lair:1   | Killed Prince Ribbit
 14373 | D:11     | Bought an uncursed ring of poison resistance for 300 gold
                  | pieces
 15241 | Lair:2   | Reached XP level 13. HP: 120/120 MP: 17/17
 15247 | Lair:2   | Learned a level 4 spell: Summon Ice Beast
 15280 | Lair:2   | Found a hole to the Spider Nest.
 15316 | Lair:2   | Reached skill level 13 in Unarmed Combat
 15669 | Lair:2   | Reached ***** piety under Wu Jian
 15669 | Lair:2   | Reached skill level 1 in Ice Magic
 15682 | Lair:2   | Got a faintly glowing dagger
 15683 | Lair:2   | Identified the cursed +3 dagger of Strategic Superiority
                  | {freeze, rElec MR- Int-4 Dex+8} (You found it on level 2 of
                  | the Lair of Beasts)
 16328 | Lair:3   | Identified Vureh's Reference Book on Orientation and Arcane
                  | Weapons
 17176 | Lair:4   | Found a staircase to the Shoals.
 17874 | Lair:5   | Found a frozen archway.
 17890 | IceCv    | Entered an ice cave
 18252 | IceCv    | Got a warped wooden ring
 18266 | IceCv    | Identified the ring of Suzigats {rF+ rC+ Dex+2 Stlth+} (You
                  | found it in an ice cave)
 18524 | Lair:4   | Reached skill level 1 in Summonings
 18763 | D:11     | Bought an uncursed amulet of the acrobat for 450 gold
                  | pieces
 20074 | Lair:6   | Entered Level 6 of the Lair of Beasts
 20169 | Lair:6   | Reached XP level 14. HP: 133/133 MP: 19/19
 20173 | Lair:6   | Learned a level 2 spell: Blink
 20418 | Lair:6   | Found a staircase to the Slime Pits.
 20910 | Lair:6   | Noticed Kirke
 20919 | Lair:6   | Killed Kirke
 21033 | Lair:6   | Found a burning altar of Makhleb.
 21069 | Lair:6   | Reached skill level 5 in Ice Magic
 21076 | Lair:6   | Reached ****** piety under Wu Jian
 21563 | Lair:6   | Found a gateway to Hell.
 21842 | Orc:1    | Entered Level 1 of the Orcish Mines
 22072 | Orc:2    | Entered Level 2 of the Orcish Mines
 22096 | Orc:2    | Found a staircase to the Elven Halls.
 22530 | Orc:2    | Reached skill level 1 in Translocations
 23157 | Lair:5   | Reached skill level 14 in Unarmed Combat
 23160 | Lair:5   | Got a smouldering hunting sling
 23161 | Lair:5   | Identified the +10 hunting sling of Eternal Vigilance
                  | {venom, Str+3} (You found it on level 5 of the Lair of
                  | Beasts)
 23946 | Orc:2    | Found Sesay's Jewellery Emporium.
 23946 | Orc:2    | Found Nitemni's Gadget Boutique.
 23948 | Orc:2    | Found Wazaube's Jewellery Shop.
 23950 | Orc:2    | Found Peimoona's General Store.
 23959 | Orc:2    | Bought the ring of Robustness {AC+8} for 1408 gold pieces
 23959 | Orc:2    | Found the ring of Robustness {AC+8}
 24367 | D:12     | Reached skill level 1 in Slings
 24378 | D:12     | Noticed Erolcha
 24386 | D:12     | Killed Erolcha
 25139 | D:6      | Found a transporter.
 25154 | D:6      | Killed JacktheKnight's ghost
 25630 | D:13     | Found a transporter.
 25640 | D:13     | Noticed Amnady Bynu's ghost (journeyman SpWr)
 25693 | D:13     | Reached skill level 5 in Summonings
 26120 | D:13     | Found a transporter.
 26330 | D:14     | Reached XP level 15. HP: 123/145 MP: 20/20
 26584 | D:14     | Found a shimmering altar of Xom.
 26584 | D:14     | Found a shimmering altar of Xom.
 26587 | D:14     | Found a shimmering altar of Xom.
 26588 | D:14     | Found a shimmering altar of Xom.
 26593 | D:14     | Found a shimmering altar of Xom.
 26595 | D:14     | Found a shimmering altar of Xom.
 26676 | D:14     | Found a shimmering altar of Xom.
 26817 | D:14     | Identified the +4 hand axe "Tural" {vamp, Dex+2}
 26826 | D:14     | Killed from afar by a wizard

Illustrated notes

Levels and vault maps discovered:
D:1:      onia_arrival_mini_spirals, layout_rooms, tso_metal_star
D:2:      layout_loops_ring, lightli_temple_of_fire, led_sif_pool
D:3:      layout_loops_corners, lemuel_round_altar, fiery_altar_vehumet,
          marbit_many_paths
D:4:      kb_forest_paths, layout_basic
D:5:      layout_gridville, okawaru_trees_1, cheibrodos_sewer_entry_drain,
          first_ration
D:6:      layout_loops_corners, lemuel_round_altar,
          minmay_temple_entry_stoned_glass, gammafunk_ghost_smash,
          uniq_eustachio
D:7:      layout_basic, old_standard_altar, nicolae_gozag_zags_fifth_avenue,
          hangedman_decor_opposing, grunt_livestock, uniq_maggie, uniq_harold
D:8:      layout_loops_cross, uniq_joseph, uniq_psyche
D:9:      layout_loops_corners, fedhas_altar_2, bloody_makhleb,
          grunt_temple_overflow_open, serial_shops, kennysheep_mini,
          basic_altar, minivault_4
D:10:     layout_rooms, minmay_rotating_lava
D:11:     layout_small_grid, david_lair_shrubbed, orc_0_dummy, serial_shops,
          nicolae_shop_waterfront, shop_fountains, shop_statue,
          nicolae_shop_waterfront, nicolae_shop_behind_doors,
          grunt_qazlal_sundering
D:12:     layout_basic, uniq_erolcha
D:13:     layout_roguey, gammafunk_ghost_berserking_beasts, grunt_ministairs_10
D:14:     layout_cave_pools, grunt_vaults_entry_tiered, nicolae_xom_altar_mimics
Temple:   nicolae_temple_figure_zero
Lair:1:   layout_chaotic_city, chequers_serial_rivers_room_b,
          beast_lair_carwin_6, serial_bayou_shore_b, uniq_prince_ribbit2
Lair:2:   layout_layer_cave, dummy_spider_entry
Lair:3:   layout_big_grid
Lair:4:   layout_roguey, minmay_shoals_entry_centaurs, wad_woods_road_05
Lair:5:   layout_gridlike, portal_ice_cave_entry_pillars_2,
          grunt_forest_large_clearings, minmay_lair_oklob_chamber
Lair:6:   evil_forest, layout_misc_corridors, slime_dummy, serial_bayou_shore_b,
          uniq_kirke
Orc:1:    layout_caves
Orc:2:    st_orc_rangers, layout_diamond_mine

Skill      XL: |  1  2  3  4  5  6  7  8  9 10 11 12 13 14 15 |
---------------+----------------------------------------------+-----
Fighting       | 1 2 3 4 5 6 7 8 |  8.6
Dodging        | 2 3 4 5 6 7 8 9 |  9.1
Transmutations | 2 3 4 6 8 9 |  9.1
Spellcasting   | 2 3 4 |  4.0
Unarmed Combat | 4 5 6 7 9 11 12 13 14 | 14.0
Poison Magic   | 1 3 |  3.2
Armour         | 4 |  4.0
Ice Magic      | 4 5 |  5.0
Summonings     | 2 5 |  5.7
Translocations | 3 |  3.0
Slings         | 2 3 |  3.1

Action                   |  1- 3 |  4- 6 |  7- 9 | 10-12 | 13-15 || total
-------------------------+-------+-------+-------+-------+-------++-------
Melee: Unarmed           |    53 |   222 |   312 |   675 |   940 ||  2202
       Kick              |     2 |     8 |    14 |    36 |    35 ||    95
       Punch             |     1 |     5 |     5 |    26 |    38 ||    75
       Headbutt          |     1 |    10 |    16 |    30 |    28 ||    85
       Hunting sling     |       |       |       |     1 |     1 ||     2
       Shortbow          |       |       |       |       |     1 ||     1
 Fire: Hunting sling     |       |       |     1 |   297 |   252 ||   550
       Shortbow          |       |       |       |       |    77 ||    77
Throw: Dart              |       |    13 |    29 |    48 |     9 ||    99
       Javelin           |       |       |     1 |     5 |     6 ||    12
       Boomerang         |       |       |       |     5 |       ||     5
 Cast: Beastly Appendage |     5 |    17 |    22 |    33 |    42 ||   119
       Spider Form       |       |       |     2 |     3 |     1 ||     6
       Sticks to Snakes  |       |       |     3 |     4 |     1 ||     8
       Blade Hands       |       |       |       |     4 |     7 ||    11
       Ice Form          |       |       |       |     2 |     9 ||    11
       Blink             |       |       |       |       |    10 ||    10
Invok: Lunge             |       |       |     8 |    42 |    96 ||   146
       Whirlwind         |       |       |     5 |    30 |   146 ||   181
 Abil: Wall Jump         |       |       |       |       |     2 ||     2
Evoke: Wand              |       |       |     2 |    10 |    16 ||    28
  Use: Scroll            |       |       |    13 |     9 |     7 ||    29
       Potion            |       |       |    10 |     9 |     6 ||    25
 Stab: Sleeping          |       |     1 |       |       |       ||     1
  Eat: Chunk             |    11 |    26 |    46 |    64 |   114 ||   261
       Ration            |       |       |     1 |     3 |       ||     4
Armor: Robe              |    13 |    61 |    57 |       |       ||   131
       Skin              |       |       |     1 |     1 |     7 ||     9
       Acid dragon scale |       |       |    25 |   104 |   245 ||   374
Dodge: Dodged            |    27 |    94 |   164 |   363 |   648 ||  1296
Block: Other             |       |       |       |   104 |    49 ||   153
       Reflection        |       |       |       |     4 |     4 ||     8
